 Dungeon Crawl Stone Soup version 0.31.0-12-g77e489cdc1 (webtiles) character file.

Game seed: 14255932502658000769

89242 Peloso the Fencer (level 15, -15/141 HPs)
             Began as a Minotaur Fighter on Mar 2, 2024.
             Was the Champion of Okawaru.
             Demolished by a spatial maelstrom (16 damage)
             ... on level 3 of the Abyss.
             The game lasted 00:45:24 (26824 turns).

Peloso the Fencer (Minotaur Fighter)               Turns: 26824, Time: 00:45:25

Health: -15/141    AC: 28    Str: 25    XL:     15   Next: 48%
Magic:  15/15      EV: 11    Int:  5    God:    Okawaru [******]
Gold:   1267       SH: 16    Dex: 18    Spells: 14/14 levels left

rFire   . . .        a - +3 scimitar (flame)
rCold   + + .        d - +1 kite shield "Fefaonac" {Will- Regen+ rCorr Str+4}
rNeg    . . .        D - +2 plate armour {rC+}
rPois   .            M - +0 hat
rElec   .            k - +1 cloak
rCorr   +            u - +2 pair of gloves
SInv    .            c - +1 pair of boots
Will    +....        (no amulet) Stlth
                     g - ring of Ciuhawk {Will+ rCorr Dex+3}
HPRegen 1.23/turn    T - ring of protection from cold
MPRegen 0.14/turn

%: no passive effects
@: no status effects
A: horns 2, retaliatory headbutt, weak 1, inability to drink after injury 1,
inability to read after injury 1
a: Renounce Religion, Heroism, Finesse, Duel, Receive Weapon, Receive Armour


You were on level 3 of the Abyss.
You worshipped Okawaru.
Okawaru was exalted by your worship.
You visited 3 branches of the dungeon, and saw 22 of its levels.
You visited the Abyss 1 time.

You collected 2213 gold pieces.
You spent 946 gold pieces at shops.

Inventory:

Hand Weapons
 a - a +3 scimitar of flaming (weapon)
 b - a +1 scimitar
Armour
 c - a +1 pair of boots (worn)
 d - the +1 kite shield "Fefaonac" (worn) {Will- Regen+ rCorr Str+4}
   (You bought it in a shop on level 2 of the Orcish Mines)

   Str+4:     It affects your strength (+4).
   Will-:     It decreases your willpower.
   Regen+:    It increases your rate of health regeneration.
   rCorr:     It protects you from acid and corrosion.
 k - a +1 cloak (worn)
 u - a +2 pair of gloves (worn)
 D - a +2 plate armour of cold resistance (worn)
 M - a +0 hat (worn)
 P - +0 swamp dragon scales
 W - +0 fire dragon scales
Jewellery
 g - the ring of Ciuhawk (left hand) {Will+ rCorr Dex+3}
   (You bought it in a shop on level 2 of the Orcish Mines)

   [ring of resist corrosion]

   Dex+3:     It affects your dexterity (+3).
   Will+:     It increases your willpower.
   rCorr:     It protects you from acid and corrosion.
 o - an amulet of faith
 x - a ring of see invisible
 L - a ring of resist corrosion
 O - an amulet of guardian spirit
 T - a ring of protection from cold (right hand)
 X - an amulet of reflection
Wands
 l - a wand of quicksilver (6)
 q - a wand of flame (26)
 r - a wand of iceblast (14)
 w - a wand of mindburst (1)
 y - a wand of paralysis (39)
 A - a wand of polymorph (11)
 C - a wand of digging (6)
Scrolls
 n - 4 scrolls of teleportation
 p - 5 scrolls of revelation
 t - a scroll of immolation
 z - a scroll of brand weapon
 B - 2 scrolls of fear
 E - a scroll of blinking
 H - a scroll of enchant weapon
 I - a scroll of fog
 J - 3 scrolls of enchant armour
 R - 2 scrolls of poison
 U - a scroll of silence
Potions
 e - 8 potions of brilliance
 f - 2 potions of haste
 h - a potion of heal wounds
 i - 2 potions of mutation
 j - 9 potions of curing
 m - 6 potions of enlightenment
 s - 2 potions of berserk rage {unknown}
 v - 2 potions of lignification {unknown}
 F - 2 potions of magic {unknown}
 G - 3 potions of invisibility {unknown}
 K - a potion of attraction
 N - a potion of ambrosia {unknown}
 Y - a potion of cancellation {unknown}
 Z - 2 potions of degeneration {unknown}
Miscellaneous
 Q - a phantom mirror


   Skills:
 + Level 15.4 Fighting
 + Level 17.6 Long Blades
 + Level 15.6 Armour
 + Level 7.0 Dodging
 + Level 2.4 Stealth
 + Level 17.0 Shields
 + Level 2.1 Invocations


You had 14 spell levels left.
You didn't know any spells.
Your spell library contained the following spells:

 Spells                   Type           Power      Damage    Failure   Level
 Magic Dart               Conj           0%         1d3       99%         1
 Necrotise                Necr           0%         1d4       99%         1
 Sandblast                Erth           0%         2d4       99%         1
 Slow                     Hex            0%         N/A       99%         1
 Sting                    Conj/Alch      0%         1d3       99%         1
 Blink                    Tloc           0%         N/A       100%        2
 Mercury Vapours          Alch/Air       0%         N/A       100%        2
 Sublimation of Blood     Necr           0%         N/A       100%        2
 Confusing Touch          Hex            0%         N/A       100%        3
 Dazzling Flash           Conj/Hex       0%         N/A       100%        3
 Fugue of the Fallen      Necr           0%         N/A       100%        3
 Hailstorm                Conj/Ice       0%         3d5       100%        3
 Mephitic Cloud           Conj/Alch/Air  0%         N/A       100%        3
 Ozocubu's Armour         Ice            0%         N/A       100%        3
 Passwall                 Erth           0%         N/A       100%        3
 Sigil of Binding         Hex            0%         N/A       100%        3
 Stone Arrow              Conj/Erth      0%         3d7       100%        3
 Vampiric Draining        Necr           0%         2d6       100%        3
 Volatile Blastmotes      Fire/Tloc      0%         2d10      100%        3
 Brom's Barrelling Bould  Conj/Erth      0%         2d3       100%        4
 Ignite Poison            Fire/Alch      0%         N/A       100%        4
 Manifold Assault         Tloc           0%         N/A       100%        4
 Olgreb's Toxic Radiance  Alch           0%         N/A       100%        4
 Petrify                  Alch/Erth      0%         N/A       100%        4
 Sticky Flame             Fire/Alch      0%         2d4       100%        4
 Borgnjor's Vile Clutch   Necr/Erth      0%         N/A       100%        5
 Curse of Agony           Necr           0%         N/A       100%        5
 Irradiate                Conj/Alch      0%         3d11      100%        5
 Silence                  Hex/Air        0%         N/A       100%        5
 Conjure Ball Lightning   Conj/Air       0%         3x3d6     100%        6
 Plasma Beam              Fire/Air       0%         2x1d10    100%        6
 Starburst                Conj/Fire      0%         6d3       100%        6
 Discord                  Hex            0%         N/A       100%        8
 Disjunction              Tloc           0%         N/A       100%        8
 Ignition                 Fire           0%         3d3       100%        8
 Maxwell's Capacitive Co  Air            0%         ∞         100%        8
 Call Imp                 Summ           Unusable   N/A       N/A         2
 Summon Ice Beast         Ice/Summ       Unusable   N/A       N/A         3
 Animate Dead             Necr           Unusable   N/A       N/A         4
 Death Channel            Necr           Unusable   N/A       N/A         6
 Sculpt Simulacrum        Ice/Alch       Unusable   N/A       N/A         6
 Haunt                    Necr/Summ      Unusable   N/A       N/A         7
 Summon Hydra             Summ           Unusable   N/A       N/A         7

Dungeon Overview and Level Annotations

Branches:
Dungeon (15/15)            Temple (0/1) D:5            Lair (5/5) D:10
 Shoals (0/4) Lair:2       Spider (0/4) Lair:3        Slime (0/5) Lair:5
    Orc (2/2) D:12            Elf (0/3) Orc:2        Vaults (0/5) D:14
 Depths: D:15

Altars:
Elyvilon
Fedhas
Kikubaaqudgha
Okawaru
Qazlal
Ru
Sif Muna
Trog
Uskayaw
Wu Jian
Zin
The Shining One
Jiyva

Shops:
D:2 [   D:4 *   D:10 (   D:14 (   Orc:2 [(=

Annotations:
D:15 1 runed translucent door
Orc:1 2 transporters, Tizio's ghost, journeyman MiFi


Innate Abilities, Weirdness & Mutations

You have a pair of horns on your head.
You reflexively headbutt those who attack you in melee.
You are weak. (Str -2)
You occasionally lose the ability to drink potions when taking damage.
You occasionally lose the ability to read scrolls when taking damage.


Message History

A rakshasa comes into view. It is wielding a +0 whip.
The spatial maelstrom closely misses you.
The spatial maelstrom hits you but does no damage.
The deep elf demonologist gestures wildly while chanting.
You hear a shout!
You slash the deep elf demonologist! You burn the deep elf demonologist.
The deep elf demonologist is moderately wounded.
You hear a screech!
The spatial maelstrom hits you! Space warps around you.
* * * LOW HITPOINT WARNING * * *
You block the spatial maelstrom's attack.
The rakshasa weaves an illusion.
You barely miss the deep elf demonologist.
You headbutt the deep elf demonologist!
The deep elf demonologist is heavily wounded.
The spatial maelstrom hits you.
* * * LOW HITPOINT WARNING * * *
The spatial maelstrom hits you!
* * * LOW HITPOINT WARNING * * *
Space warps horribly around you!!
* * * LOW HITPOINT WARNING * * *
The deep elf demonologist casts a spell at you.
You resist with significant effort. You block the orange demon's attack. x2
The smoke demon misses you. You block the smoke demon's attack.
The smoke demon hits you but does no damage.
You slash the deep elf demonologist! You burn the deep elf demonologist.
Your headbutt misses the deep elf demonologist.
The deep elf demonologist is severely wounded.
You block the spatial maelstrom's attack. x2
You block the deep elf demonologist's attack.
The orange demon barely misses you. You furiously retaliate!
You headbutt the orange demon! The orange demon barely misses you.
You slash the deep elf demonologist! You burn the deep elf demonologist.
You kill the deep elf demonologist!
Okawaru accepts your kill.
The orange demon disappears in a puff of smoke!
The spatial maelstrom hits you!
* * * LOW HITPOINT WARNING * * *
Space warps horribly around you!
You die...

# ###..# # . ... .
.. ... ...v. .
##.... .##.# #... #.
...#.... # # #.. #
v##. . ..# ##.##
##...##. # ?
##...###.#R.#.# . .
.
...#.....#§...#.####
. #
........v@3...#..#
##) #
...#.....#)v.....#
#. ##...###.#..#. .#
##.## ##...#. # . #
# ..# # .§.#. ## ..
# ..# #.###...#. .
.. # #.. .. .####. #
#. .#. .# . .. ##..
#


You could see a spatial maelstrom, a rakshasa, 2 spatial vortices and a smoke
demon.

Vanquished Creatures
  Saint Roka (Orc:2)
  Gastronok (D:11)
  A deep elf demonologist (Abyss:3)
  Azrael (D:11)
  Snorg (D:11)
  A fire dragon (Lair:5)
  Harold (D:11)
  8 vault guards (D:14)
  Josephine (Lair:3)
  A hydra (Lair:5)
  A rakshasa (Abyss:3)
  A boulder beetle (D:14)
  An ice dragon (Lair:4)
  An ogre mage (D:15)
  3 death yaks (Lair:5)
  7 centaur warriors
  A tengu warrior (D:14)
  6 two-headed ogres
  An occultist (D:15)
  2 orc high priests
  Amaemon (Lair:2)
  A thrashing horror (Abyss:3)
  A fire crab (Lair:5)
  2 skysharks
  A titan skeleton (Abyss:3)
  A quicksilver dragon simulacrum (Abyss:3)
  3 skeletal warriors (D:12)
  An arcanist (D:15)
  Pikel (D:4)
  2 large abominations (Abyss:3)
  A deep elf zephyrmancer (D:15)
  An orc knight (Orc:2)
  2 lindwurms (Lair:5)
  An oklob plant (Lair:4)
  10 ugly things
  3 deep elf pyromancers
  3 orc sorcerers (Orc:2)
  4 cyclopes
  3 manticores
  6 black mambas
  A merfolk siren (Lair:2)
  6 kobold blastminers
  2 orange demons
  2 gargoyles
  Maggie (Lair:1)
  5 torpor snails (Lair:5)
  An unseen horror (D:13)
  11 cane toads
  A komodo dragon (Lair:1)
  9 yaktaurs
  7 rime drakes
  An efreet (D:15)
  2 tengu conjurers
  A merfolk (Lair:2)
  5 trolls
  3 tyrant leeches (Lair:5)
  6 hornets (Lair:5)
  2 polar bears (Lair:5)
  4 raiju (Abyss:3)
  15 blink frogs
  2 slime creatures (Lair:5)
  A jumping spider (Lair:2)
  A ynoxinul (Abyss:3)
  A vampire (D:11)
  5 shadows
  20 yaks
  6 wraiths
  5 wyverns
  Eustachio (D:4)
  2 wargs
  5 basilisks
  3 fire elementals (D:11)
  2 redbacks (Lair:2)
  2 neqoxecs (Abyss:3)
  Edmund (D:4)
  2 steam dragons
  2 acid dragons
  3 hell hounds (D:11)
  9 water moccasins
  35 orc warriors
  4 ice beasts
  A black bear (Lair:1)
  9 ogres
  4 small abominations (Abyss:3)
  22 wolves
  17 centaurs
  3 lemures (D:4)
  7 starcursed masses (Abyss:3)
  Blork the orc (D:4)
  9 bullfrogs
  2 kobold brigands (D:9)
  6 scorpions
  13 wights
  11 killer bees
  2 electric eels (Lair:2)
  2 howler monkeys (D:12)
  A bombardier beetle (D:7)
  A quasit (Abyss:3)
  16 orc priests
  4 jellies
  A gnoll bouda (D:6)
  2 hounds
  2 iguanas
  Natasha (thrice) (D:2)
  29 orc wizards
  7 hell rats
  8 adders
  7 gnolls
  7 river rats
  3 shadow imps
  4 white imps
  A dart slug (D:1)
  5 ribbon worms
  89 orcs
  7 endoplasms
  5 giant cockroaches
  6 goblins
  11 hobgoblins
  6 jackals
  13 kobolds
  3 quokkas
  10 ball pythons
  10 bats
  5 rats
661 creatures vanquished.

Vanquished Creatures (others)
  An arcanist (D:5)
  A basilisk (Lair:5)
  An orc priest (D:9)
  4 orc wizards
  4 orcs
11 creatures vanquished.

Grand Total: 672 creatures vanquished

Notes
Turn   | Place    | Note
-------+----------+-------------------------------------------
     0 | D:1      | Peloso the Minotaur Fighter began the quest for the Orb.
     0 | D:1      | Reached XP level 1. HP: 19/19 MP: 0/0
   156 | D:1      | Reached XP level 2. HP: 27/27 MP: 1/1
   639 | D:1      | Reached XP level 3. HP: 33/33 MP: 2/2
   693 | D:2      | Noticed Natasha
   694 | D:2      | Found Viacualo's Armour Emporium.
   699 | D:2      | Killed Natasha
   736 | D:2      | Noticed Natasha
   771 | D:2      | Killed Natasha
   772 | D:2      | Reached XP level 4. HP: 12/41 MP: 3/3
   774 | D:2      | Noticed Natasha
   784 | D:2      | Killed Natasha
   785 | D:2      | Reached skill level 1 in Dodging
  1194 | D:2      | Reached XP level 5. HP: 47/47 MP: 4/4
  1537 | D:3      | Found a stormy altar of Qazlal.
  1538 | D:3      | Found an ancient bone altar of Kikubaaqudgha.
  1862 | D:3      | Reached skill level 5 in Armour
  1957 | D:3      | Found an iron altar of Okawaru.
  1967 | D:3      | Became a worshipper of Warmaster Okawaru
  2135 | D:4      | Reached XP level 6. HP: 53/53 MP: 5/5
  2167 | D:4      | Found a sacrificial altar of Ru.
  2208 | D:4      | Reached skill level 5 in Long Blades
  2394 | D:4      | Found a blossoming altar of Fedhas.
  2417 | D:4      | Noticed Edmund
  2421 | D:4      | Noticed Pikel
  2454 | D:4      | Killed Edmund
  2594 | D:4      | Found a hide-covered altar of Uskayaw.
  2606 | D:4      | Noticed Blork the orc
  2614 | D:4      | Killed Blork the orc
  2615 | D:4      | Reached XP level 7. HP: 58/60 MP: 6/6
  2648 | D:4      | Reached * piety under Okawaru
  2854 | D:4      | Found Neklat's Serpentskin Sales.
  3041 | D:4      | Killed Pikel
  3041 | D:4      | Reached ** piety under Okawaru
  3042 | D:4      | Reached skill level 5 in Fighting
  3042 | D:4      | Reached skill level 5 in Shields
  3141 | D:4      | Noticed Eustachio
  3169 | D:4      | Killed Eustachio
  3170 | D:4      | Reached XP level 8. HP: 28/69 MP: 7/7
  3442 | D:5      | Entered Level 5 of the Dungeon
  3602 | D:5      | Found a staircase to the Ecumenical Temple.
  3780 | D:5      | Found a shimmering blue altar of Sif Muna.
  3960 | D:5      | Found a glowing golden altar of the Shining One.
  4411 | D:5      | Found a bloodstained altar of Trog.
  4412 | D:5      | Noticed a wizard
  4418 | D:5      | Killed a wizard
  4577 | D:6      | Reached *** piety under Okawaru
  4578 | D:6      | Reached skill level 1 in Stealth
  4891 | D:6      | Reached XP level 9. HP: 46/75 MP: 8/8
  5643 | D:6      | Reached **** piety under Okawaru
  5920 | D:7      | Found a white marble altar of Elyvilon.
  6443 | D:8      | Reached skill level 10 in Long Blades
  6522 | D:8      | Reached skill level 5 in Dodging
  7194 | D:8      | Reached ***** piety under Okawaru
  7195 | D:8      | Reached XP level 10. HP: 85/88 MP: 9/9
  7460 | D:9      | Received a gift from Okawaru
  8360 | D:10     | Entered Level 10 of the Dungeon
  8579 | D:10     | Found a staircase to the Lair.
  8858 | D:10     | Found Qirchiema's Weapon Emporium.
  9290 | D:11     | Identified the serpent talisman of a ziggurat {rF+}
  9435 | D:11     | Noticed Snorg
  9449 | D:11     | Killed Snorg
  9467 | D:11     | Noticed a manticore
  9482 | D:11     | Killed a manticore
  9482 | D:11     | Received a gift from Okawaru
  9483 | D:11     | Reached XP level 11. HP: 37/97 MP: 10/10
  9695 | D:11     | Noticed a deep elf pyromancer
  9718 | D:11     | Killed a deep elf pyromancer
  9719 | D:11     | Reached skill level 10 in Armour
  9988 | D:11     | Noticed Gastronok
 10012 | D:11     | Killed Gastronok
 10013 | D:11     | Reached skill level 10 in Fighting
 10030 | D:11     | Noticed Harold
 10048 | D:11     | Killed Harold
 10048 | D:11     | Received a gift from Okawaru
 11134 | D:12     | Noticed Azrael
 11626 | D:11     | Killed Azrael
 11627 | D:11     | Reached skill level 1 in Invocations
 11947 | D:12     | Noticed a skeletal warrior
 11953 | D:12     | Killed a skeletal warrior
 11953 | D:12     | Noticed a skeletal warrior
 11960 | D:12     | Killed a skeletal warrior
 11962 | D:12     | Noticed a skeletal warrior
 11970 | D:12     | Killed a skeletal warrior
 12389 | D:12     | Noticed a two-headed ogre
 12393 | D:12     | Found a staircase to the Orcish Mines.
 12398 | D:12     | Killed a two-headed ogre
 12399 | D:12     | Reached XP level 12. HP: 74/110 MP: 12/12
 12519 | D:12     | Noticed an angel
 12520 | D:12     | Found a glowing silver altar of Zin.
 12667 | Lair:1   | Entered Level 1 of the Lair of Beasts
 12710 | Lair:1   | Received a gift from Okawaru
 12843 | Lair:1   | Noticed Maggie
 12853 | Lair:1   | Killed Maggie
 13383 | Lair:1   | Got Citefa's Octavo of Maleficent Deeds and Feathers
 14562 | Lair:2   | Received a gift from Okawaru
 14904 | Lair:2   | Found a staircase to the Shoals.
 15239 | Lair:3   | Noticed Amaemon
 15239 | Lair:3   | Found a hole to the Spider Nest.
 16006 | Lair:2   | Killed Amaemon
 16363 | Lair:3   | Noticed Josephine
 16375 | Lair:3   | Reached skill level 15 in Long Blades
 16377 | Lair:3   | Killed Josephine
 16551 | Lair:3   | Reached skill level 10 in Shields
 17306 | Lair:4   | Received a gift from Okawaru
 17307 | Lair:4   | Reached XP level 13. HP: 118/118 MP: 13/13
 18894 | Orc:1    | Entered Level 1 of the Orcish Mines
 19325 | Orc:1    | Received a gift from Okawaru
 19326 | Orc:1    | Found a transporter.
 19340 | Orc:1    | Noticed Tizio's ghost (journeyman MiFi)
 19627 | Orc:2    | Entered Level 2 of the Orcish Mines
 20157 | Orc:1    | Identified the +3 giant club of Extremism {speed, Will+
                  | rCorr MP+9 Str+3}
 20157 | Orc:1    | Noticed an ettin
 20299 | Orc:1    | Found a transporter.
 20770 | Orc:2    | Found Baqaczoa's Book Boutique.
 21420 | Orc:2    | Noticed Saint Roka
 21480 | Orc:2    | Killed Saint Roka
 21480 | Orc:2    | Received a gift from Okawaru
 21916 | Orc:2    | Found Puanex's Antique Weapon Boutique.
 21928 | Orc:2    | Found Bujoiskoa's Antique Armour Shop.
 21951 | Orc:2    | Bought a translucent kite shield for 285 gold pieces
 21951 | Orc:2    | Identified the +1 kite shield "Fefaonac" {Will- Regen+
                  | rCorr Str+4} (You bought it in a shop on level 2 of the
                  | Orcish Mines)
 22101 | Orc:2    | Found Udghez's Jewellery Emporium.
 22130 | Orc:2    | Bought the ring of Ciuhawk {Will+ rCorr Dex+3} for 661 gold
                  | pieces
 22380 | Orc:2    | Found a staircase to the Elven Halls.
 22736 | Lair:5   | Entered Level 5 of the Lair of Beasts
 22846 | Lair:5   | Reached XP level 14. HP: 114/129 MP: 14/14
 22955 | Lair:5   | Found a staircase to the Slime Pits.
 22956 | Lair:5   | Found a viscous altar of Jiyva.
 22981 | Lair:5   | Received a gift from Okawaru
 23040 | Lair:5   | Reached ****** piety under Okawaru
 23308 | Lair:5   | Found an ornate altar of the Wu Jian Council.
 23406 | Lair:5   | Received a gift from Okawaru
 23722 | Lair:5   | Reached skill level 15 in Shields
 24312 | D:13     | Reached skill level 15 in Armour
 24338 | D:13     | Paralysed by a centaur for 3 turns
 24824 | D:14     | Found a bloodstained altar of Trog.
 24838 | D:14     | Found a gate to the Vaults.
 24899 | D:14     | Received a gift from Okawaru
 25004 | D:14     | Found Reonk's Weapon Shop.
 25703 | D:15     | Entered Level 15 of the Dungeon
 25715 | D:15     | Reached XP level 15. HP: 139/139 MP: 15/15
 25721 | D:15     | Paralysed by something for 5 turns
 25743 | D:15     | Received a gift from Okawaru
 25832 | D:15     | Reached skill level 15 in Fighting
 26096 | D:15     | Identified the +1 ring mail of Shadows and Fog {^Drain
                  | Dex+4}
 26387 | D:15     | Found a runed translucent door.
 26539 | D:15     | Received a gift from Okawaru
 26555 | Abyss:3  | Cast into level 3 of the Abyss (an occultist)
 26614 | Abyss:3  | Found a corrupted altar of Lugonu.
 26642 | Abyss:3  | Paralysed by accursed screaming for 1 turns
 26694 | Abyss:3  | HP: 7/141 [snapping turtle[a worldbinder] (21)]
 26723 | Abyss:3  | Found a corrupted altar of Lugonu.
 26781 | Abyss:3  | Gained mutation: You occasionally lose the ability to read
                  | scrolls when taking damage. [a neqoxec]
 26784 | Abyss:3  | Gained mutation: You occasionally lose the ability to drink
                  | potions when taking damage. [a neqoxec]
 26786 | Abyss:3  | Gained mutation: You are weak. (Str -2) [a neqoxec]
 26822 | Abyss:3  | HP: 7/141 [spatial maelstrom (21)]
 26824 | Abyss:3  | HP: 1/141 [spatial maelstrom (7)]
 26824 | Abyss:3  | Demolished by a spatial maelstrom

Illustrated notes

Levels and vault maps discovered:
D:1:      spicycebolla_arrival_risky_transporter, layout_loops_ring,
          minmay_misc_feat_hallway
D:2:      layout_rooms, serial_shops, shop, uniq_natasha
D:3:      minmay_bubble_buster, layout_loops_ring, okawaru_altar_gauntlet_db,
          chequers_temple_overflow_statue_of_worship
D:4:      layout_basic, fedhas_ov_isle_minmay,
          mainiacjoe_overflow_catwalk_spiral, guppyfry_shop_venom,
          uniq_blork_the_orc, uniq_edmund, uniq_eustachio, uniq_pikel
D:5:      layout_layer_cave, nicolae_sif_muna_condensation, trog_wizard,
          nicolae_tso_swordbearing_angel, minmay_temple_entry_grid
D:6:      layout_basic
D:7:      layout_rooms, elyvilon_altar_4
D:8:      layout_loops_ring
D:9:      layout_rooms, nicolae_underground_beach
D:10:     layout_loops_ring, lair_entry_dummy, serial_shops, shop
D:11:     layout_loops_ring, uniq_snorg, uniq_harold, uniq_gastronok
D:12:     layout_basic, orc_0_dummy, zin_angel, uniq_azrael
D:13:     layout_rooms, nicolae_twisty_statue_hallways
D:14:     layout_roguey, erik_vaults_2, serial_curves, eino_curves_03,
          eino_curves_02, hangedman_decor_lopped, serial_shops,
          nicolae_shop_bloodbath_and_beyond, bloody_trog
D:15:     grunt_enter_depths_magical_seal, layout_basic,
          ebering_ghost_reflecting_pool, minmay_crystal_water
Lair:1:   layout_regular_city, grunt_megastairs_1, uniq_maggie
Lair:2:   layout_hall_layers, elwin_shoals_entry_rooms,
          grunt_forest_small_clearings, kennysheep_rathole
Lair:3:   layout_regular_city, spider_nest_entry_a, grunt_megastairs_4,
          serial_bayou_shore_a, uniq_amaemon, uniq_josephine
Lair:4:   layout_gridlike, bobbens_ice_dragon_lair
Lair:5:   wormcave, layout_loops_ring, minmay_slime_entry_pillars, special_room
          [special_room_mythical_zoo], lemuel_centaur_altar
Orc:1:    layout_caves, gammafunk_ghost_smash, basic_altar
Orc:2:    grunt_orc_community_town_hall, layout_caves,
          grunt_orc_community_big_house_1, grunt_orc_community_big_house_2,
          grunt_orc_community_house_1, grunt_orc_community_house_2,
          grunt_orc_community_house_3, grunt_orc_community_house_3,
          grunt_orc_community_house_2, grunt_orc_community_house_1
Abyss:3:  base: D:13, evilmike_abyss_exit_mutagenic, spicy_abyss_rude_harpoons

Skill      XL: |  1  2  3  4  5  6  7  8  9 10 11 12 13 14 15 |
---------------+----------------------------------------------+-----
Armour         | 4 5 6 7 8 9 12 13 14 15 | 15.6
Fighting       | 4 5 6 8 9 11 12 13 14 15 | 15.4
Shields        | 4 5 6 7 8 10 13 16 17 | 17.0
Long Blades    | 3 4 5 7 8 10 12 14 15 16 17 | 17.6
Dodging        | 1 2 3 4 5 6 7 |  7.0
Stealth        | 1 2 |  2.4
Invocations    | 1 2 |  2.1

Action                     |  1- 3 |  4- 6 |  7- 9 | 10-12 | 13-15 || total
---------------------------+-------+-------+-------+-------+-------++-------
  Melee: Long sword        |    85 |   169 |   336 |       |       ||   590
         Headbutt          |     9 |    32 |    79 |   155 |   345 ||   620
         Scimitar          |       |       |    34 |   656 |  1318 ||  2008
 Invoke: Heroism           |       |       |     1 |    13 |    11 ||    25
    Use: Potion            |       |     4 |       |     5 |     9 ||    18
         Scroll            |       |     2 |     3 |     7 |     6 ||    18
 Armour: Scale mail        |    65 |   110 |   279 |    69 |       ||   523
         Plate armour      |       |       |       |   416 |   861 ||  1277
  Dodge: Dodged            |    44 |    85 |   204 |   191 |   384 ||   908
  Block: Buckler           |    20 |    40 |   109 |    71 |       ||   240
         Kite shield       |       |       |       |   239 |  1086 ||  1325
